 Dungeon Crawl Stone Soup version 0.30-a0-122-g2a1322497e (webtiles) character file.

Game seed: 14171872202088956102

94 Pilot the Caller (level 4, -10/34 HPs)
             Began as a Demigod Summoner on Sept 16, 2022.
             Killed by divine providence
             ... invoked by an orc priest
              (11 damage)
             ... on level 4 of the Dungeon.
             The game lasted 00:14:18 (2759 turns).

Pilot the Caller (Demigod Summoner)                 Turns: 2759, Time: 00:14:19

Health: -10/34     AC:  5    Str:  9    XL:     4   Next: 16%
Magic:  9/10       EV: 12    Int: 21    God:
Gold:   159        SH:  0    Dex: 14    Spells: 6/7 levels left

rFire   . . .      SeeInvis .    g - +0 short sword
rCold   . . .      Faith    .    (no shield)
rNeg    . . .      Spirit   .    a - +0 robe
rPois   .          Reflect  .    c - +2 helmet
rElec   .          Harm     .    (no cloak)
rCorr   +          Rampage  .    (no gloves)
Will    .....                    (no boots)
Stlth   ++........               (no amulet)
HPRegen 0.11/turn                o - ring of resist corrosion
MPRegen 0.12/turn                (no ring)

@: no status effects
A: high MP 1, forlorn, divine attributes
a: no special abilities


You were on level 4 of the Dungeon.
You visited 1 branch of the dungeon, and saw 4 of its levels.

You collected 187 gold pieces.
You spent 28 gold pieces at shops.

Inventory:

Hand Weapons
 g - a +0 short sword (weapon)
Armour
 a - a +0 robe (worn)
 c - a +2 helmet (worn)
 n - a +0 plate armour
Jewellery
 o - a ring of resist corrosion (left hand)
Scrolls
 e - 3 scrolls of teleportation {unknown}
 f - a scroll of vulnerability {unknown}
 j - 2 scrolls of blinking {unknown}
 k - a scroll of fog {unknown}
 p - 6 scrolls of identify
 r - a scroll of immolation {unknown}
Potions
 b - a potion of magic
 d - a potion of flight {unknown}
 h - 3 potions of haste {unknown}
 i - 2 potions of lignification {unknown}
 l - 3 potions of curing {unknown}
 m - a potion of mutation {unknown}
 q - a potion of might {unknown}
 s - a potion of brilliance {unknown}
 t - a potion of degeneration {unknown}
 u - a potion of heal wounds {unknown}


   Skills:
 + Level 0.4 Fighting
 + Level 0.2 Short Blades
 + Level 2.4 Dodging
 + Level 2.4 Stealth
 * Level 2.4 Spellcasting
 * Level 4.2 Summonings


You had 6 spell levels left.
You knew the following spells:

 Your Spells              Type           Power      Damage    Failure   Level
a - Summon Small Mammal   Summ           80%        N/A       2%          1

Your spell library contained the following spells:

 Spells                   Type           Power      Damage    Failure   Level
 Call Imp                 Summ           20%        N/A       3%          2
 Call Canine Familiar     Summ           20%        N/A       8%          3
 Sandblast                Erth           4%         2d4       14%         1
 Summon Guardian Golem    Hex/Summ       11%        N/A       19%         3
 Passwall                 Tmut/Erth      1%         N/A       22%         2
 Stone Arrow              Conj/Erth      4%         3d7       38%         3
 Summon Lightning Spire   Summ/Air       11%        N/A       52%         4


Dungeon Overview and Level Annotations

Branches:
Dungeon (4/15)
 Temple: D:4-7

Shops:
D:2 *

Annotations:
D:4 Eustachio


Innate Abilities, Weirdness & Mutations

You have an increased reservoir of magic. (+10% MP)
You shall have no god before yourself.
Your divine heritage dramatically boosts your attributes as you level up.


Message History

You see here a scroll of identify.
p - 6 scrolls of identify (gained 1)
The orc priest shouts!
You hear a shout!
The orc wizard gestures at you while chanting.
The puff of flame hits you.
An orc wizard comes into view. It is wielding a +0 dagger.
You see here a ball python corpse.
Casting: Summon Small Mammal (safe; 2% risk of failure)
Confirm with . or Enter, or press ? or * to list all spells.
The orc priest calls down the wrath of Beogh upon you.
Beogh smites you!
Casting: Summon Small Mammal (safe; 2% risk of failure)
Confirm with . or Enter, or press ? or * to list all spells.
Your bat barely misses the orc priest.
The orc wizard mumbles some strange words.
The orc wizard flickers and vanishes!
Deactivating autopickup; reactivate with Ctrl-A.
The orc priest closely misses your bat.
A necrophage comes into view.
Your bat barely misses the orc priest.
Your bat closely misses the orc priest.
Your quokka closely misses the orc priest.
The orc priest hits your quokka with a +0 flail.
Your quokka dies!
Your quokka's corpse disappears in a puff of smoke!
Something hits your bat.
Your bat hits the orc wizard but does no damage.
A dart slug comes into view.
Found a scroll of identify.
Your bat hits the orc priest.
Found a shadowy altar of Dithmenos.
Your bat barely misses the orc wizard.
Your bat hits the orc priest.
The orc priest calls down the wrath of Beogh upon you.
Beogh smites you!
* * * LOW HITPOINT WARNING * * *
Your bat hits the orc priest.
Found 4 poisoned darts.
Your bat closely misses the orc wizard.
The orc priest invokes the aid of Beogh against you.
Beogh smites you!
You die...

.......## ........
......... .......#
......... .......#
......... .......#
#........ .......#
#........ .....†.#
#w.......
....<†.######
#........
####........####@#
#.....o......#.§§
#...b.b..##.#§#.#
########.##n§§._§§
#.........#.#.#§
#..........#§§.#
#.......#### ##
#.......#
#########


You could see a necrophage, an orc priest, a dart slug (wandering) and a
friendly bat (summoned).

Vanquished Creatures
  A hound (D:3)
  A dart slug (D:3)
  An orc (D:3)
  3 ball pythons
  2 bats
  An endoplasm (D:3)
  A giant cockroach (D:1)
  3 jackals (D:1)
  4 quokkas
  A frilled lizard (D:3)
  4 rats
22 creatures vanquished.

Vanquished Creatures (collateral kills)
  A worm (D:3)
  A dart slug (D:1)
  An orc (D:3)
  4 bats
  9 endoplasms
  2 giant cockroaches
  A goblin (D:1)
  3 hobgoblins
  2 jackals (D:1)
  A kobold (D:1)
  2 rats (D:1)
27 creatures vanquished.

Vanquished Creatures (others)
  2 plants (D:2)
2 creatures vanquished.

Grand Total: 51 creatures vanquished

Notes
Turn   | Place    | Note
-------+----------+-------------------------------------------
     0 | D:1      | Pilot the Demigod Summoner began the quest for the Orb.
     0 | D:1      | Reached XP level 1. HP: 14/14 MP: 5/5
   277 | D:1      | Reached XP level 2. HP: 20/20 MP: 4/7
   823 | D:1      | Reached skill level 4 in Summonings
  1084 | D:2      | Found Luonaquc's General Store.
  1095 | D:2      | Reached XP level 3. HP: 26/26 MP: 8/8
  1131 | D:2      | Bought a scroll of identify for 28 gold pieces
  2363 | D:3      | Reached XP level 4. HP: 20/34 MP: 10/10
  2726 | D:4      | Noticed Eustachio
  2749 | D:4      | Noticed a necrophage
  2758 | D:4      | HP: 1/34 [orc priest/divine providence (14)]
  2759 | D:4      | Killed from afar by an orc priest

Illustrated notes

Levels and vault maps discovered:
D:1:      wheals_arrival_linesprint, layout_rooms, minmay_misc_feat_more_columns
D:2:      layout_rooms, serial_forest, infiniplex_forest_clump_medium,
          infiniplex_forest_straight_1, infiniplex_forest_straight_2,
          infiniplex_forest_3_way, infiniplex_forest_end_3,
          infiniplex_forest_end_double, serial_shops, shop
D:3:      layout_loops_ring
D:4:      layout_rooms, grunt_dithmenos_smoke_and_mirrors, marbit_many_paths,
          nicolae_figureground_pulse, uniq_menkaure, uniq_eustachio

Skill      XL: |  1  2 |
---------------+-------+-----
Stealth        | 2 |  2.4
Dodging        | 2 |  2.4
Spellcasting   | 2 |  2.4
Summonings     | 4 |  4.2
Fighting       | |  0.4
Short Blades   | |  0.2

Action                   |  1- 3 |  4- 6 || total
-------------------------+-------+-------++-------
Melee: Unarmed           |     8 |       ||     8
       Short sword       |   153 |    10 ||   163
       Punch             |     2 |       ||     2
 Cast: Summon Small Mamm |    43 |     2 ||    45
 Stab: Sleeping          |     2 |     2 ||     4
Armor: Robe              |    62 |     2 ||    64
Dodge: Dodged            |   117 |     2 ||   119

Table legend: (Time is in decaauts)
 A = Elapsed time spent in this place.
 B = Non-inter-level travel time spent in this place.
 C = Inter-level travel time spent in this place.
 D = Time resting spent in this place.
 E = Time spent auto-exploring this place.
 F = Levels seen in this place.
 G = Mean time per level.
                   A        B        C        D        E       F      G
               +--------+--------+--------+--------+--------+-----+--------+
         Total |   2757 |   2360 |    397 |      0 |   1773 |   4 |  689.2 |
       Dungeon |   2757 |   2360 |    397 |      0 |   1773 |   4 |  689.2 |
               +--------+--------+--------+--------+--------+-----+--------+

Top non-repeatable levels by time:
     D:3: 1030 daAuts
     D:1: 1009 daAuts
     D:2: 692 daAuts
     D:4: 25 daAuts
